 Dungeon Crawl Stone Soup version 0.30.1-3-gfc49f6343a (webtiles) character file.

Game seed: 9934321634892573652

29 croobank the Ducker (level 3, 0/26 HPs)
             Began as an Octopode Monk on July 21, 2023.
             Slain by a phantom (6 damage)
             ... on level 2 of the Dungeon.
             The game lasted 00:03:24 (791 turns).

croobank the Ducker (Octopode Monk)                  Turns: 791, Time: 00:03:25

Health: 0/26       AC:  1    Str: 10    XL:     3   Next: 16%
Magic:  3/3        EV: 14    Int: 14    God:
Gold:   11         SH:  0    Dex: 14    Spells: 2/2 levels left

rFire   . . .        a - +0 short sword
rCold   . . .        (no shield)
rNeg    . . .        (helmet restricted)
rPois   .            (no amulet)
rElec   .            (no ring)
rCorr   .            (no ring)
SInv    .            (no ring)
Will    .....        (no ring)
Stlth   ++           (no ring)
HPRegen 0.24/turn    (no ring)
MPRegen 0.08/turn    (no ring)
                     (no ring)

%: clarity
@: weak-willed
A: almost no armour, amphibious, 8 rings, camouflage 1, gelatinous body 1,
(nimble swimmer 1), tentacles, clarity
a: no special abilities


You were on level 2 of the Dungeon.
You visited 1 branch of the dungeon, and saw 2 of its levels.

You collected 11 gold pieces.

Inventory:

Hand Weapons
 a - a +0 short sword (weapon)
 b - a +0 sling
Missiles
 f - a javelin (quivered)
Armour
 c - an orb of light
Scrolls
 k - a scroll of identify {unknown}
Potions
 j - 2 potions of lignification {unknown}


   Skills:
 + Level 3.4 Fighting
 + Level 3.4 Short Blades
 + Level 3.4 Dodging


You had 2 spell levels left.
You didn't know any spells.
Your spell library was empty.

Dungeon Overview and Level Annotations

Branches:
Dungeon (2/15)

Altars:


Innate Abilities, Weirdness & Mutations

You cannot wear most types of armour.
You are amphibious.
You can wear up to eight rings at the same time.
Your skin changes colour to match your surroundings (Stealth+).
Your rubbery body absorbs attacks. (AC +1, EV +1)
((You are camouflaged when in or above water. (Stealth+)))
You have tentacles for arms and can constrict up to eight enemies at once.
You possess an exceptional clarity of mind.


Message History

The phantom completely misses you.
As you read the scroll labelled ZALI WEYCOCH, it crumbles to dust.
You assume a fearsome visage.
The quokka looks frightened!
The worm looks frightened!
The phantom is unaffected.
It was a scroll of fear.
The phantom hits you.
* * * LOW HITPOINT WARNING * * *
The phantom blinks!
You blink.
You are confused.
You feel invigorated. The phantom hits you.
* * * LOW HITPOINT WARNING * * *
It was a potion of curing.
You feel better.
You feel less invigorated. The phantom barely misses you.
Throw: 5 javelins
Press: ? - help, Q - select action Shift-Dir - straight line, f/p - phantom
Aim: a phantom (lightly damaged, weak-willed, 48% to hit)
You throw a javelin. The javelin misses the phantom.
The phantom barely misses you.
Throw: 4 javelins
Press: ? - help, Q - select action Shift-Dir - straight line, f/p - phantom
Aim: a phantom (lightly damaged, weak-willed, 48% to hit)
You throw a javelin. The javelin misses the phantom.
The phantom hits you.
The phantom blinks!
You blink.
The phantom hits you but does no damage.
Throw: 3 javelins
Press: ? - help, Q - select action Shift-Dir - straight line, f/p - phantom
Aim: a phantom (lightly damaged, weak-willed, 48% to hit)
You throw a javelin.
The javelin pierces through the phantom!
The phantom is moderately damaged.
The phantom barely misses you.
Throw: 2 javelins
Press: ? - help, Q - select action Shift-Dir - straight line, f/p - phantom
Aim: a phantom (moderately damaged, weak-willed, 48% to hit)
You throw a javelin.
The javelin pierces through the phantom.
The phantom is moderately damaged.
The phantom hits you.
* * * LOW HITPOINT WARNING * * *
The phantom hits you.
You die...

#.............(
#..............
#.............
#.........(..
.........### .
#.........# ...
#....W.<..##...
#...@.....#....
#...........#
#........>...#
#.#..........#.#
# #............#
#.....<.......
##............
#........#...
#.#......#...


You could see a phantom (weak-willed).

Vanquished Creatures
  A dart slug (D:1)
  6 endoplasms (D:1)
  4 giant cockroaches (D:1)
  2 hobgoblins (D:1)
  A ball python (D:1)
  4 bats (D:1)
  2 frilled lizards
  4 rats (D:1)
24 creatures vanquished.

Notes
Turn   | Place    | Note
-------+----------+-------------------------------------------
     0 | D:1      | croobank the Octopode Monk began the quest for the Orb.
     0 | D:1      | Reached XP level 1. HP: 16/16 MP: 1/1
   197 | D:1      | Reached XP level 2. HP: 21/21 MP: 2/2
   552 | D:1      | Reached XP level 3. HP: 24/26 MP: 3/3
   772 | D:2      | Noticed a phantom
   781 | D:2      | Gained mutation: You possess an exceptional clarity of
                  | mind. [potion of mutation]
   785 | D:2      | HP: 1/26 [phantom (5)]
   791 | D:2      | Slain by a phantom

Illustrated notes

Levels and vault maps discovered:
D:1:      lightli_arrival_windingriver, layout_basic, minivault_23,
          minmay_close_crescents
D:2:      layout_basic

Action                     || total
---------------------------++-------
  Melee: Short sword       ||    51
         Constrict         ||    12
         Tentacles         ||    11
   Fire: Sling             ||     4
  Throw: Javelin           ||     4
    Use: Potion            ||     3
         Scroll            ||     2
   Stab: Sleeping          ||     8
 Armour: Skin              ||     7
  Dodge: Dodged            ||    30
